 Dungeon Crawl Stone Soup version 0.16.2-2-g470672f (webtiles) character file.

37 Engledude530 the Skirmisher (level 3, -2/33 HPs)
             Began as a Draconian Berserker on Aug 27, 2015.
             Was an Initiate of Yredelemnul.
             Slain by Grinder (6 damage)
             ... on level 3 of the Dungeon.
             The game lasted 00:23:25 (1614 turns).

Engledude530 the Skirmisher (Draconian Berserker)   Turns: 1614, Time: 00:23:25

Health: -2/33      AC:  6    Str: 20    XL:     3   Next: 21%
Magic:  3/3        EV: 12    Int:  7    God:    Yredelemnul [......]
Gold:   130        SH:  0    Dex: 10    Spells: 0 memorised, 2 levels left

rFire  . . .     SeeInvis .     b - -3 short sword (curse)
rCold  + . .     Clarity  .     (armour unavailable)
rNeg   . . .     SustAb   .     (no shield)
rPois  .         Gourm    .     (helmet restricted)
rElec  .         Spirit   .     (no cloak)
rCorr  .         Warding  .     (no gloves)
rMut   .         Stasis   .     n - +0 pair of boots
MR     .....                    (no amulet)
Stlth  +.........               (no ring)
                                g - ring of protection from cold

@: not resistant to hostile enchantments, very unstealthy
A: unfitting armour, cold-blooded, AC +5
a: Renounce Religion


You were on level 3 of the Dungeon.
You worshipped Yredelemnul.
Yredelemnul was noncommittal.
You were not hungry.

You visited 1 branch of the dungeon, and saw 3 of its levels.

You collected 130 gold pieces.

Inventory:

Hand weapons
 a - a +0 falchion
 b - a cursed -3 short sword (weapon)
 e - a +0 short sword
 j - a +0 hunting sling
 p - a +0 dagger
 q - a +0 glaive
Missiles
 d - 17 arrows
 r - 30 stones (quivered)
Armour
 c - a +0 leather armour
 k - a +0 ring mail
 l - a +0 ring mail
 n - a +0 pair of boots (worn)
Jewellery
 g - a ring of protection from cold (left hand)
Scrolls
 f - 2 scrolls of identify
Potions
 h - 2 potions of curing {unknown}
 m - a potion of brilliance {unknown}
 o - a potion of lignification {unknown}
Comestibles
 i - a slice of pizza


   Skills:
 + Level 3.8 Fighting
 + Level 1.0(2.3) Short Blades
 - Level 3.4(3.5) Long Blades
 + Level 3.0 Dodging


You had 2 spell levels left.
You didn't know any spells.

Dungeon Overview and Level Annotations

Branches:
Dungeon (3/15)

Altars:
Cheibriados
Yredelemnul

Annotations:
D:3 Grinder


Innate Abilities, Weirdness & Mutations

Your plain brown scales are hard (AC +5).
Your body does not fit into most forms of armour.
Your cold-blooded metabolism reacts poorly to cold.


Message History

You hit Grinder.
You tail-slap Grinder, but do no damage.
Grinder is moderately wounded.
Grinder hits you but does no damage.
You hit Grinder but do no damage.
Grinder is moderately wounded.
Grinder gestures.
Grinder blinks!
You hit Grinder but do no damage.
Grinder is moderately wounded.
Grinder gestures at you.
You suddenly lose the ability to move!
Grinder gestures at you.
You barely resist.
You can move again.
Grinder hits you.
* * * LOW HITPOINT WARNING * * *
You writhe in agony.
You die...
Your body rises from the dead as a mindless zombie.

. #. . #. ... #.
####### .....#. #.....#
.....#.##### #.###.#
#...#......# #.# #.#
#.........#######.###.#
#..@5........†..##.#
##.#########.......# #.
#.#....†# #. #.#...#.#
#+ #.#...#.# #........
#.###.#.# ##.......#
####...#..###


You could see Grinder.

Vanquished Creatures
  An orc (D:3)
  2 ball pythons (D:1)
  5 giant cockroaches (D:1)
  2 goblins (D:1)
  4 hobgoblins (D:1)
  2 jackals (D:1)
  4 kobolds (D:1)
  6 bats
  2 giant newts (D:1)
  2 rats (D:3)
30 creatures vanquished.

Notes
Turn   | Place    | Note
--------------------------------------------------------------
     0 | D:1      | Engledude530, the Draconian Berserker, began the quest for the Orb.
     0 | D:1      | Reached XP level 1. HP: 19/19 MP: 1/1
   216 | D:1      | Reached XP level 2. HP: 20/26 MP: 2/2
   959 | D:1      | Reached XP level 3. HP: 23/33 MP: 3/3
  1103 | D:1      | Reached skill level 1 in Short Blades
  1441 | D:2      | Found a snail-covered altar of Cheibriados.
  1441 | D:2      | Found a basalt altar of Yredelemnul.
  1465 | D:2      | Fell from the grace of Trog
  1465 | D:2      | Became a worshipper of Yredelemnul the Dark
  1562 | D:3      | Noticed Grinder
  1611 | D:3      | Paralysed by Grinder for 3 turns
  1614 | D:3      | Slain by Grinder

Action                   || total
-------------------------++-------
Melee: Falchion          ||    25
       Short sword       ||   168
  Use: Scroll            ||     2
 Stab: Sleeping          ||     1
  Eat: Bread ration      ||     1
